 Dungeon Crawl Stone Soup version 0.25-b1-46-gb8a1ec05df (webtiles) character file.

Game seed: 15019509120651689516

18109 gruber the Blocker (level 12, -9/66 HPs)
             Began as a Vine Stalker Fighter on June 10, 2020.
             Was a High Priest of Okawaru.
             Mangled by a sphinx (16 damage)
             ... summoned by Kirke
             ... while paralysed by a sphinx
             ... on level 12 of the Dungeon.
             The game lasted 00:16:28 (11363 turns).

gruber the Blocker (Vine Stalker Fighter)          Turns: 11363, Time: 00:16:29

Health: -9/66      AC:  0    Str: 23    XL:     12   Next: 55%
Magic:  0/13       EV:  3    Int:  8    God:    Okawaru [*****.]
Gold:   989        SH:  0    Dex: 15    Spells: 9/11 levels left

rFire    . . .     SeeInvis .   (weapon currently unavailable)
rCold    . . .     Gourm    .   (shield currently unavailable)
rNeg     . . .     Faith    .   (armour currently unavailable)
rPois    .         Spirit   +   (helmet currently unavailable)
rElec    .         Reflect  .   (cloak currently unavailable)
rCorr    .         Harm     .   (gloves currently unavailable)
MR       +....                  (boots currently unavailable)
Stlth    +.........             w - amulet of regeneration
HPRegen  1.41/turn              (ring currently unavailable)
MPRegen  0.13/turn              (ring currently unavailable)

@: paralysed, pig-form, very quick
A: small, regeneration 2, magic shield, no potion heal 3, rot immunity
a: Heroism, Finesse, Renounce Religion


You were on level 12 of the Dungeon.
You worshipped Okawaru.
Okawaru was extremely pleased with you.
You were hungry.
You were a filthy swine.
You visited 2 branches of the dungeon, and saw 13 of its levels.

You collected 989 gold pieces.

Inventory:

Hand Weapons
 m - a +0 short sword of electrocution
 s - a +2 dagger of flaming
 A - the +8 hand axe "Qaycupun" {speed, rElec rC- rN+++ Int+3}
   (You found it on level 4 of the Dungeon)

   Attacks with this weapon are significantly faster.
   It affects your intelligence (+3).
   It makes you vulnerable to cold.
   It insulates you from electricity.
   It renders you almost immune to negative energy.
 T - a +4 quick blade (melded)
Missiles
 u - 9 javelins (quivered)
 v - 26 poisoned darts
 M - 3 silver javelins
Armour
 c - a +0 kite shield (melded)
 k - a +0 pair of boots (melded)
 y - the +2 ring mail of Wage {rPois MR- SInv Stlth+}
   (You found it on level 4 of the Dungeon)

   It protects you from poison.
   It affects your resistance to hostile enchantments.
   It lets you see invisible.
   It makes you more stealthy.
 K - a +2 leather armour of fire resistance (melded)
 L - a +0 cloak (melded)
 Q - a +0 plate armour of fire resistance
Jewellery
 w - an amulet of regeneration (around neck)
 C - a +4 ring of slaying (melded)
 G - a ring of see invisible (melded)
Wands
 l - a wand of acid (2)
 n - a wand of paralysis (4)
 x - a wand of flame (40)
 O - a wand of random effects (18)
 S - a wand of iceblast (12)
Scrolls
 a - a scroll of random uselessness {unknown}
 b - 3 scrolls of noise {unknown}
 e - 3 scrolls of teleportation {unknown}
 i - 9 scrolls of remove curse
 j - 2 scrolls of magic mapping {unknown}
 o - 3 scrolls of fog {unknown}
 r - 5 scrolls of immolation {unknown}
 t - 3 scrolls of blinking {unknown}
 B - 10 scrolls of identify
 D - 5 scrolls of amnesia {unknown}
 E - 4 scrolls of enchant armour {unknown}
 I - 2 scrolls of fear {unknown}
 J - 5 scrolls of enchant weapon {unknown}
 P - a scroll of acquirement {unknown}
Potions
 d - 3 potions of might
 g - 2 potions of stabbing
 h - 5 potions of resistance
 p - 2 potions of curing
 q - 2 potions of berserk rage
 z - 4 potions of brilliance
 F - 3 potions of lignification
 H - 2 potions of mutation
 N - a potion of haste
 R - a potion of flight {unknown}
Comestibles
 f - 24 rations


   Skills:
 - Level 9.1 Fighting
 * Level 6.3 Short Blades
 - Level 6.0 Armour
 - Level 7.1 Dodging
 - Level 12.0 Shields


You had 9 spell levels left.
You knew the following spells:

 Your Spells              Type           Power        Failure   Level  Hunger
a - Blink                 Tloc           N/A          54%         2    ###....

Your spell library contained the following spells:

 Spells                   Type           Power        Failure   Level  Hunger
 Animate Skeleton         Necr           N/A          41%         1    ##.....
 Apportation              Tloc           #.....       41%         1    ##.....
 Corona                   Hex            #......      41%         1    ##.....
 Foxfire                  Conj/Fire      #...         41%         1    ##.....
 Magic Dart               Conj           #...         41%         1    ##.....
 Pain                     Necr           #...         41%         1    ##.....
 Summon Small Mammal      Summ           #...         41%         1    ##.....
 Call Imp                 Summ           #.......     54%         2    ###....
 Slow                     Hex            #.......     54%         2    ###....
 Conjure Flame            Conj/Fire      #.......     78%         3    ####...
 Inner Flame              Hex/Fire       #.......     78%         3    ####...
 Mephitic Cloud           Conj/Pois/Air  #.......     78%         3    ####...
 Vampiric Draining        Necr           #.........   78%         3    ####...
 Animate Dead             Necr           N/A          99%         4    #####..
 Sticky Flame             Conj/Fire      #.......     99%         4    #####..
 Agony                    Necr           #.......     100%        5    ######.
 Fireball                 Conj/Fire      #.........   100%        5    ######.


Dungeon Overview and Level Annotations

Branches:
Dungeon (12/15)            Temple (1/1) D:7            Lair (0/6) D:11
    Orc (0/2) D:10

Altars:
Ashenzari
Cheibriados
Dithmenos
Elyvilon
Gozag
Hepliaklqana
Kikubaaqudgha
Makhleb
Nemelex Xobeh
Okawaru
Qazlal
Ru
Sif Muna
Trog
Uskayaw
Wu Jian
Xom
Yredelemnul
Zin

Shops:
D:9 *   D:10 :

Annotations:
D:8 2 transporters
D:12 3 runed translucent doors, Kirke; Raspi's ghost, journeyman MiBe


Innate Abilities, Weirdness & Mutations

((You have razor-sharp teeth.))
You heal very quickly.
When hurt, damage is shared between your health and your magic reserves.
((Your bite disrupts and absorbs the magic of your enemies.))
Potions cannot restore your health.
You are immune to rotting.


Message History

You barely miss something. Something hits you!
You barely miss something. You hit something. Something hits you.
You see here a hog corpse.
You feel like a meek peon again.
You hear some strange, mumbled words.
Something summons a sphinx!
The sphinx casts a spell.
You suddenly lose the ability to move!
The sphinx mumbles some strange words.
You resist with significant effort.
The sphinx mumbles some strange words.
You resist with significant effort. Something hits you!
The hog barely misses you. The sphinx hits you! The sphinx hits you. x2
The hog bites you!
* * * LOW HITPOINT WARNING * * *
Something hits you.
* * * LOW HITPOINT WARNING * * *
The sphinx hits you!
You die...

#....# #..##..DDW#####. #....#
#...##+++##..##. #....#
##.#.........##.
#....#######.###.......##.
#............# #.......##. .
###################.#####. ...
#........# #......##.
.....########..h.....###.......#.
....h....Y†hh.YHh..............#.
.....Y#######........##........#.
..... #........##........#. ....
#........##.#..###.#. ...
#........##.#..# #.#. ..
#........##.#..# #.#. .
#........##.#..# #...
#........##.#..######
#....................


You could see a sphinx (summoned), 2 yaks and 3 hogs.

Vanquished Creatures
  Fannar (D:10)
  A hydra (D:11)
  3 two-headed ogres (D:8)
  A death knight (D:12)
  An unseen horror (D:12)
  An orc knight (D:12)
  A manticore (D:11)
  A cyclops (D:12)
  Joseph (D:7)
  2 freezing wraiths
  4 trolls
  3 hornets
  3 slime creatures (D:12)
  2 hippogriffs
  Eustachio (D:5)
  11 yaks
  A wyvern (D:8)
  A shadow (D:11)
  2 wraiths (D:12)
  A hog (D:12)
  A basilisk (D:12)
  A hungry ghost (D:12)
  A warg (D:12)
  2 acid dragons
  2 porcupines (D:10)
  A swamp drake (D:10)
  2 black bears
  An eye of draining (D:10)
  3 ice beasts
  6 orc warriors
  3 phantoms
  2 necrophages (D:8)
  3 sky beasts
  6 ogres
  3 centaurs
  A crocodile (D:12)
  5 bullfrogs
  5 scorpions
  5 wights
  4 howler monkeys
  8 crimson imps
  3 centaur zombies
  A quasit (D:10)
  A centaur skeleton (D:9)
  Crazy Yiuf (D:7)
  9 hounds
  6 jellies
  6 orc priests
  2 bullfrog skeletons
  7 iguanas
  9 orc wizards
  8 worker ants
  2 hound zombies
  A mummy (D:8)
  A worker ant zombie (D:8)
  12 gnolls
  10 adders
  4 shadow imps
  An adder zombie (D:5)
  5 worms
  3 dart slugs
  5 leopard geckos
  47 orcs
  6 giant cockroaches
  8 goblins
  10 hobgoblins
  19 jackals
  3 quokkas
  2 ball pythons
  7 bats
  4 frilled lizards
  9 kobolds
  A leopard gecko skeleton (D:4)
  A leopard gecko zombie (D:5)
  9 rats
  2 fungi (D:7)
332 creatures vanquished.

Vanquished Creatures (others)
  A plant (D:12)
1 creature vanquished.

Grand Total: 333 creatures vanquished

Notes
Turn   | Place    | Note
-------+----------+-------------------------------------------
     0 | D:1      | gruber the Vine Stalker Fighter began the quest for the
                  | Orb.
     0 | D:1      | Reached XP level 1. HP: 11/11 MP: 2/2
    47 | D:1      | Reached XP level 2. HP: 13/16 MP: 1/3
   605 | D:1      | Reached XP level 3. HP: 19/19 MP: 4/4
  1311 | D:2      | Gained mutation: Your natural rate of healing is unusually
                  | fast. [Vine Stalker growth]
  1311 | D:2      | Reached XP level 4. HP: 23/23 MP: 5/5
  1670 | D:2      | Found a hazy altar of Hepliaklqana.
  1717 | D:2      | Found a sacrificial altar of Ru.
  2209 | D:3      | Found a stormy altar of Qazlal.
  2235 | D:3      | Reached XP level 5. HP: 26/28 MP: 6/6
  2693 | D:4      | Noticed a phantom
  2718 | D:4      | Killed a phantom
  2718 | D:4      | Reached XP level 6. HP: 35/35 MP: 7/7
  2798 | D:4      | Reached skill level 5 in Fighting
  2876 | D:4      | Found a shattered altar of Ashenzari.
  3127 | D:4      | Reached XP level 7. HP: 16/40 MP: 3/8
  3286 | D:4      | Got an ichor-stained ring mail
  3287 | D:4      | Identified the +2 ring mail of Wage {rPois MR- SInv Stlth+}
                  | (You found it on level 4 of the Dungeon)
  3331 | D:4      | Got an ancient hand axe
  3332 | D:4      | Identified the +8 hand axe "Qaycupun" {speed, rElec rC-
                  | rN+++ Int+3} (You found it on level 4 of the Dungeon)
  3435 | D:4      | Found a bloodstained altar of Trog.
  3435 | D:4      | Found a hide-covered altar of Uskayaw.
  3635 | D:5      | Entered Level 5 of the Dungeon
  3719 | D:5      | Noticed Eustachio
  3835 | D:5      | Killed Eustachio
  3905 | D:5      | Found a sparkling altar of Nemelex Xobeh.
  3942 | D:5      | Found a shimmering altar of Xom.
  3942 | D:5      | Found a shimmering altar of Xom.
  3943 | D:5      | Found a shimmering altar of Xom.
  3943 | D:5      | Found a shimmering altar of Xom.
  3993 | D:5      | Found a shimmering altar of Xom.
  3994 | D:5      | Found a shimmering altar of Xom.
  4008 | D:5      | Found a shimmering altar of Xom.
  4229 | D:5      | Gained mutation: You have razor-sharp teeth. [Vine Stalker
                  | growth]
  4229 | D:5      | Reached XP level 8. HP: 40/47 MP: 9/9
  4659 | D:5      | Found a white marble altar of Elyvilon.
  4898 | D:6      | Found a shadowy altar of Dithmenos.
  4995 | D:6      | Reached skill level 5 in Armour
  5461 | D:7      | Reached XP level 9. HP: 43/51 MP: 8/10
  5611 | D:7      | Reached skill level 1 in Dodging
  5960 | D:7      | Noticed Joseph
  5964 | D:7      | Found a staircase to the Ecumenical Temple.
  5970 | D:7      | Killed Joseph
  6016 | Temple   | Entered the Ecumenical Temple
  6024 | Temple   | Became a worshipper of Warmaster Okawaru
  6296 | D:7      | Found a runed translucent door.
  6297 | D:7      | Noticed Crazy Yiuf
  6301 | D:7      | Killed Crazy Yiuf
  6375 | D:8      | Reached skill level 5 in Dodging
  6508 | D:8      | Noticed a two-headed ogre
  6538 | D:8      | Noticed a two-headed ogre
  6539 | D:8      | Noticed a two-headed ogre
  6666 | D:8      | Killed a two-headed ogre
  6666 | D:8      | Reached * piety under Okawaru
  6666 | D:8      | Reached ** piety under Okawaru
  6666 | D:8      | Reached XP level 10. HP: 48/56 MP: 11/11
  6726 | D:8      | Killed a two-headed ogre
  6726 | D:8      | Reached skill level 4 in Shields
  6763 | D:8      | Killed a two-headed ogre
  6763 | D:8      | Reached *** piety under Okawaru
  6763 | D:8      | Reached skill level 5 in Shields
  6824 | D:8      | Reached skill level 6 in Shields
  6933 | D:8      | Learned a level 2 spell: Blink
  6946 | D:8      | Found a basalt altar of Yredelemnul.
  6952 | D:8      | Found an ancient bone altar of Kikubaaqudgha.
  7080 | D:8      | Reached **** piety under Okawaru
  7124 | D:8      | Noticed a death knight
  7127 | D:8      | Noticed a death knight
  7179 | D:8      | Found a transporter.
  7215 | D:8      | Found a transporter.
  7404 | D:8      | Reached skill level 7 in Shields
  7552 | D:9      | Found Qeatodd's Assorted Antiques.
  7723 | D:9      | Received a gift from Okawaru
  7895 | D:9      | Paralysed by an orc for 2 turns
  8337 | D:10     | Entered Level 10 of the Dungeon
  8488 | D:10     | Found Roahear's Book Emporium.
  8619 | D:10     | Noticed Fannar
  8641 | D:10     | Killed Fannar
  8641 | D:10     | Reached skill level 8 in Shields
  8641 | D:10     | Reached XP level 11. HP: 19/60 MP: 5/12
  8749 | D:10     | Paralysed by a hornet for 3 turns
  8755 | D:10     | Reached skill level 9 in Shields
  9132 | D:10     | Found a staircase to the Orcish Mines.
  9299 | D:10     | Reached ***** piety under Okawaru
  9377 | D:11     | Reached skill level 10 in Shields
  9442 | D:11     | Noticed a manticore
  9452 | D:11     | Killed a manticore
  9452 | D:11     | Received a gift from Okawaru
  9548 | D:11     | Noticed an eight-headed hydra
  9555 | D:11     | Killed an eight-headed hydra
  9882 | D:11     | Found a staircase to the Lair.
  9926 | D:12     | Noticed a death knight
  9963 | D:12     | Killed a death knight
  9963 | D:12     | Reached skill level 11 in Shields
 10017 | D:11     | HP: 2/60 [freezing wraith[a death knight] (20)]
 10249 | D:12     | Noticed an unseen horror
 10261 | D:12     | Killed an unseen horror
 10261 | D:12     | Gained mutation: You heal very quickly. [Vine Stalker
                  | growth]
 10261 | D:12     | Reached XP level 12. HP: 64/64 MP: 13/13
 10328 | D:12     | Paralysed by a hornet for 1 turns
 10331 | D:12     | Reached skill level 12 in Shields
 10566 | D:12     | Found a runed translucent gate.
 10566 | D:12     | Found a runed translucent gate.
 10566 | D:12     | Found a runed translucent gate.
 10566 | D:12     | Noticed Raspi's ghost (journeyman MiBe)
 10566 | D:12     | Noticed a nine-headed hydra
 10566 | D:12     | Noticed a 13-headed hydra
 10963 | D:12     | Reached skill level 5 in Short Blades
 10979 | D:12     | Received a gift from Okawaru
 11315 | D:12     | Noticed Kirke
 11357 | D:12     | Noticed a sphinx
 11358 | D:12     | Paralysed by a sphinx for 5 turns
 11363 | D:12     | Mangled by a sphinx

Illustrated notes

Levels and vault maps discovered:
D:1:      zelgadis_glass_arrival_small, layout_basic
D:2:      layout_rooms, marbit_many_paths, nicolae_overflow_hidden_temple
D:3:      layout_basic, overflow_temple_1_default
D:4:      minmay_inner_zag, layout_basic, evilmike_ruin_ashenzari,
          gammafunk_temple_overflow_pools, first_ration, minmay_checkerbox
D:5:      layout_basic, lemuel_coloured_pillars_altar, nemelex_altar_shiori,
          xom_redecorated, uniq_eustachio
D:6:      layout_cave_pools, nicolae_dithmenos_through_a_glass_darkly,
          minivault_5
D:7:      layout_loops_ring, temple_hall, uniq_crazy_yiuf_cottage, uniq_joseph
D:8:      layout_loops_corners, gammafunk_temple_of_torment, serial_undead,
          serial_undead_a, serial_undead_a, serial_undead_e, serial_undead_b
D:9:      layout_stronghold, serial_shops, shop
D:10:     layout_basic, erik_orc_1, serial_shops, shop, uniq_fannar
D:11:     layout_rooms, grunt_lair_entry_orc_guard_hut
D:12:     layout_basic, gammafunk_ghost_hydra_chop, uniq_kirke
Temple:   eino_temple_lava

Skill      XL: |  1  2  3  4  5  6  7  8  9 10 11 12 |
---------------+-------------------------------------+-----
Short Blades   | 2 3 4 6 |  6.3
Fighting       | 3 4 6 7 8 9 |  9.1
Armour         | 6 |  6.0
Dodging        | 7 |  7.1
Shields        | 8 11 12 | 12.0

Action                   |  1- 3 |  4- 6 |  7- 9 | 10-12 || total
-------------------------+-------+-------+-------+-------++-------
Melee: Rapier            |    96 |       |       |       ||    96
       Bite              |    36 |    52 |   106 |   218 ||   412
       Dagger            |    30 |    23 |       |       ||    53
       Short sword       |       |   146 |   325 |   489 ||   960
       Quick blade       |       |       |       |    32 ||    32
       Unarmed           |       |       |       |     6 ||     6
Throw: Javelin           |       |       |     3 |       ||     3
Invok: Heroism           |       |       |       |     6 ||     6
Evoke: Wand              |       |       |       |     7 ||     7
  Use: Scroll            |       |       |    12 |     1 ||    13
 Stab: Paralysed         |       |       |       |     3 ||     3
       Confused          |       |       |       |     1 ||     1
  Eat: Chunk             |     1 |     6 |    12 |    15 ||    34
Armor: Scale mail        |    65 |    49 |    99 |       ||   213
       Leather armour    |       |       |     8 |    67 ||    75
Dodge: Dodged            |    45 |    34 |   109 |   238 ||   426
Block: Kite shield       |    73 |    58 |   151 |   260 ||   542
